 Dungeon Crawl Stone Soup version 0.30.1-3-gfc49f6343a (webtiles) character file.

Game seed: 14386867560204481024

206 CrazyBamboolord the Ducker (level 5, 0/38 HPs)
             Began as a Demonspawn Wanderer on July 17, 2023.
             Slain by a black bear (4 damage)
             ... on level 4 of the Dungeon on July 18, 2023.
             The game lasted 00:12:05 (3642 turns).

CrazyBamboolord the Ducker (Demonspawn Wanderer)    Turns: 3642, Time: 00:12:05

Health: 0/38       AC:  2    Str: 12    XL:     5   Next: 53%
Magic:  8/8        EV: 12    Int: 18    God:
Gold:   88         SH:  0    Dex: 10    Spells: 7/8 levels left

rFire   . . .        n - +2 short sword (speed)
rCold   . . .        (no shield)
rNeg    . . .        d - +0 robe
rPois   .            (no helmet)
rElec   .            (no cloak)
rCorr   .            (no gloves)
SInv    .            (no boots)
Will    +....        c - amulet of regeneration
Stlth   +            o - ring of willpower
HPRegen 1.06/turn    (no ring)
MPRegen 0.11/turn

%: no passive effects
@: no status effects
A: powered by death 2
a: no special abilities


You were on level 4 of the Dungeon.
You visited 1 branch of the dungeon, and saw 4 of its levels.

You collected 138 gold pieces.
You spent 50 gold pieces at shops.

Inventory:

Hand Weapons
 n - a +2 short sword of speed (weapon)
Missiles
 b - 9 poisoned darts
Armour
 d - a +0 robe (worn)
Jewellery
 c - an amulet of regeneration (around neck)
 o - a ring of willpower (left hand)
Scrolls
 e - a scroll of fog {unknown}
 f - a scroll of immolation {unknown}
 h - 2 scrolls of amnesia
 j - 2 scrolls of poison
 p - a scroll of enchant weapon {unknown}
 q - a scroll of summoning {unknown}
 r - a scroll of vulnerability {unknown}
 s - a scroll of torment {unknown}
Potions
 a - 2 potions of might {unknown}
 g - a potion of haste {unknown}
 i - 2 potions of brilliance {unknown}
 k - a potion of curing
 l - 3 potions of lignification
 m - 2 potions of degeneration {unknown}


   Skills:
 * Level 2.1 Fighting
 - Level 1.0 Throwing
 * Level 2.9 Dodging
 * Level 2.4 Spellcasting
 * Level 2.2 Conjurations
 - Level 2.6 Transmutations
 * Level 2.7 Fire Magic


You had 7 spell levels left.
You knew the following spells:

 Your Spells              Type           Power      Damage    Failure   Level
a - Foxfire               Conj/Fire      44%        2x1d6     6%          1

Your spell library contained the following spells:

 Spells                   Type           Power      Damage    Failure   Level
 Sting                    Tmut/Pois      28%        1d4       10%         1
 Passwall                 Tmut/Erth      5%         N/A       16%         2
 Ignite Poison            Fire/Tmut/Pois 8%         N/A       24%         3
 Inner Flame              Hex/Fire       7%         N/A       28%         3


Dungeon Overview and Level Annotations

Branches:
Dungeon (4/15)
 Temple: D:4-7

Altars:
Hepliaklqana

Shops:
D:2 !

Annotations:
D:3 2 transporters
D:4 3 runed translucent doors, Elmgren's ghost, amateur MiFi


Innate Abilities, Weirdness & Mutations

You regenerate health from kills.


Message History

Casting: Foxfire (safe; 6% risk of failure)
Press: ? - help, Q - select action, (/) - cycle Dir - look around, f - activate You conjure some foxfire!
Unknown command.
Your foxfire dissipates!
The foxfire hits the black bear.
The black bear is lightly wounded.
The black bear bites you. The black bear closely misses you.
The black bear claws you.
The black bear attacks as you move away!
The black bear bites you. The black bear completely misses you.
The black bear claws you.
The black bear attacks as you move away!
The black bear bites you but does no damage.
The black bear claws you. x2
The black bear attacks as you move away!
The black bear barely misses you. The black bear closely misses you.
The black bear claws you.
You see here a +0 leather armour.
There is a stone staircase leading up here.
The black bear bites you. The black bear claws you.
The black bear barely misses you. The black bear bites you.
The black bear claws you. The black bear closely misses you.
The black bear closely misses you. x2; The black bear claws you.
There is a stone staircase leading up, spattered with blood here.
The black bear attacks as you move away!
The black bear bites you. The black bear completely misses you.
The black bear barely misses you. x2; The black bear closely misses you. x2
The black bear attacks as you move away!
The black bear bites you. The black bear claws you. x2
The black bear attacks as you move away!
The black bear bites you! The black bear completely misses you.
The black bear claws you.
* * * LOW HITPOINT WARNING * * *
The black bear attacks as you move away!
The black bear bites you!
* * * LOW HITPOINT WARNING * * *
The black bear claws you but does no damage.
The black bear claws you.
You die...

#### #.# #... #.# ########.#. .
###.# ###########........#. .
+.#.# ###.........#....#####.
..#.#.#####.........#.#....# #.
..#.#..........####.#.#....# ##
....#..#####.#####.[..####.######
###.....###...#.@hh<..####.##....
#.#.))........#.##....##.........
#.##).###....#.##....##.#.##.#..
..#.#.........#.#####.........#.#
..##.##..#..#.#.....#.....#......
#...#.#.......#####.##.##.#...#.#
##.. #.####.......#.##....#.#....
#. ..#.. #.#####.#.##..###.#...#
#.... ..$#.........#..)# #.#...#


You could see 2 black bears.

Vanquished Creatures
  An orc priest (D:4)
  Jessica (D:2)
  Ijyb (D:3)
  3 adders
  4 worms
  2 dart slugs
  8 orcs (D:4)
  7 bats
  6 endoplasms
  4 giant cockroaches
  9 goblins
  2 hobgoblins (D:2)
  2 jackals (D:3)
  11 ball pythons
  4 frilled lizards
  6 kobolds
  9 rats
80 creatures vanquished.

Vanquished Creatures (others)
  181 foxfires
181 creatures vanquished.

Grand Total: 261 creatures vanquished

Notes
Turn   | Place    | Note
-------+----------+-------------------------------------------
     0 | D:1      | CrazyBamboolord the Demonspawn Wanderer began the quest for
                  | the Orb.
     0 | D:1      | CrazyBamboolord set off with the following items: a +0
                  | dagger, 12 poisoned darts, a potion of curing, a +0 robe;
                  | and the following spells available to memorise: Sting,
                  | Foxfire, Passwall, Ignite Poison, Inner Flame.
     0 | D:1      | Reached XP level 1. HP: 15/15 MP: 2/2
     2 | D:1      | Learned a level 1 spell: Foxfire
   275 | D:1      | Gained mutation: You regenerate a little health from kills.
                  | [demonic ancestry]
   275 | D:1      | Reached XP level 2. HP: 21/21 MP: 3/3
   936 | D:1      | Reached XP level 3. HP: 9/26 MP: 1/5
  1187 | D:2      | Noticed Jessica
  1198 | D:2      | Killed Jessica
  1199 | D:2      | Reached skill level 1 in Conjurations
  1263 | D:2      | Gained mutation: You regenerate health from kills. [demonic
                  | ancestry]
  1263 | D:2      | Reached XP level 4. HP: 33/33 MP: 3/6
  1510 | D:2      | Found Jomotohi's Distillery.
  1518 | D:2      | Bought a potion of heal wounds for 50 gold pieces
  2238 | D:3      | Found a transporter.
  2238 | D:3      | Found a transporter.
  2245 | D:3      | Found a hazy altar of Hepliaklqana.
  2677 | D:3      | Noticed Ijyb
  2757 | D:3      | Killed Ijyb
  2758 | D:3      | Reached XP level 5. HP: 27/38 MP: 0/8
  3181 | D:4      | Found a runed translucent gate.
  3181 | D:4      | Found a runed translucent gate.
  3181 | D:4      | Found a runed translucent gate.
  3182 | D:4      | Noticed Elmgren's ghost (amateur MiFi)
  3189 | D:4      | Upgraded the game from 0.30.1-1-g62c8e00024 to
                  | 0.30.1-3-gfc49f6343a
  3614 | D:4      | Noticed a black bear
  3614 | D:4      | Noticed a black bear
  3642 | D:4      | Slain by a black bear

Illustrated notes

Levels and vault maps discovered:
D:1:      ncdulo_halloftheorcs, layout_basic, minivault_24, st_stairs_7
D:2:      layout_basic, serial_shops, shop, minmay_diced_spiral, uniq_jessica
D:3:      layout_basic, gammafunk_temple_overflow_arena, uniq_ijyb
D:4:      layout_basic, gammafunk_ghost_split, minmay_vboxes

Skill      XL: |  1  2  3  4  5 |
---------------+----------------+-----
Fire Magic     | 2 |  2.7
Dodging        | 2 |  2.9
Conjurations   | 1 2 |  2.2
Spellcasting   | 2 |  2.4
Fighting       | 2 |  2.1
Throwing       | |  1.0
Transmutations | |  2.6

Action                     |  1- 3 |  4- 6 || total
---------------------------+-------+-------++-------
  Melee: Dagger            |    26 |       ||    26
         Short sword       |     3 |    59 ||    62
  Throw: Dart              |    52 |       ||    52
   Cast: Foxfire           |    33 |    75 ||   108
    Use: Potion            |       |     3 ||     3
         Scroll            |       |     3 ||     3
 Armour: Robe              |    16 |    15 ||    31
  Dodge: Dodged            |    75 |    89 ||   164
